 Dungeon Crawl Stone Soup version 0.30-a0-879-ga8ba668304 (webtiles) character file.

Game seed: 5255265921676101880

1458 FallingFreak the Trooper (level 8, 0/70 HPs)
             Began as a Ghoul Warper on Mar 13, 2023.
             Slain by a sky beast (5 damage)
             ... on level 6 of the Dungeon.
             The game lasted 00:51:16 (7480 turns).

FallingFreak the Trooper (Ghoul Warper)             Turns: 7480, Time: 00:51:16

Health: 0/70       AC: 10    Str: 15    XL:     8   Next: 76%
Magic:  13/14      EV: 10    Int: 10    God:
Gold:   346        SH:  0    Dex:  8    Spells: 12/16 levels left

rFire   + + .      SeeInvis .    a - +3 short sword "Pendulum" {vamp, rF++}
rCold   + . .      Faith    .    (no shield)
rNeg    + + +      Spirit   .    t - +0 ring mail
rPois   ∞          Reflect  .    q - +0 helmet
rElec   .          Rampage  .    A - +0 cloak
rCorr   .                        (no gloves)
Will    .....                    B - +1 pair of boots Stlth
                                 l - amulet of the acrobat {@P7}
HPRegen 0.00/turn                (no ring)
MPRegen 0.14/turn                (no ring)

@: inhibited regen
A: claws 1, cold resistance 1, negative energy resistance 3, inhibited
regeneration, torment resistance 2, devour on kill
a: no special abilities


You were on level 6 of the Dungeon.
You visited 1 branch of the dungeon, and saw 7 of its levels.

You collected 346 gold pieces.

Inventory:

Hand Weapons
 a - the +3 short sword "Pendulum" (weapon) {vamp, rF++}
   (You found it on level 5 of the Dungeon)

   rF:        It greatly protects you from fire.
 b - a +0 halberd
 n - a +2 vampiric long sword
 w - a +0 sling
 C - a +0 flail
 D - a +2 heavy hammer
 H - a +0 hand axe
Missiles
 d - 6 boomerangs of dispersal {!f}
 f - 4 boomerangs (quivered)
 k - 35 stones
 x - a poisoned dart
Armour
 q - a +0 helmet (worn)
 t - a +0 ring mail (worn)
 u - a +0 scale mail
 A - a +0 cloak (worn)
 B - a +1 pair of boots (worn)
 E - a +0 leather armour
Magical Staves
 e - a staff of cold {@w1!a}
Jewellery
 j - a ring of resist corrosion
 l - an amulet of the acrobat (around neck) {@P7}
Wands
 i - a wand of digging (5)
 P - a wand of polymorph (9)
Scrolls
 c - a scroll of enchant weapon
 g - 3 scrolls of teleportation
 h - 2 scrolls of magic mapping
 r - 2 scrolls of identify
 v - a scroll of enchant armour
 y - 2 scrolls of fog
 F - a scroll of fear
 T - a scroll of silence
 V - a scroll of summoning
Potions
 m - 2 potions of mutation {unknown}
 o - a potion of attraction {unknown}
 p - a potion of invisibility {unknown}
 s - a potion of degeneration {unknown}
 z - 5 potions of curing
 G - 2 potions of heal wounds {unknown}


   Skills:
 + Level 6.1 Fighting
 - Level 1.7 Axes
 - Level 0.8 Throwing
 + Level 4.8 Armour
 - Level 1.7 Dodging
 + Level 4.6 Spellcasting
 + Level 5.5 Translocations


You had 12 spell levels left.
You knew the following spells:

 Your Spells              Type           Power      Damage    Failure   Level
c - Blink                 Tloc           26%        N/A       7%          2
Z - Lesser Beckoning      Tloc           26%        N/A       7%          2

Your spell library contained the following spells:

 Spells                   Type           Power      Damage    Failure   Level
 Gell's Gravitas          Tloc           13%        N/A       14%         3
 Teleport Other           Tloc           13%        N/A       14%         3
 Portal Projectile        Hex/Tloc       14%        N/A       38%         3
 Vhi's Electric Charge    Tloc/Air       14%        N/A       38%         3
 Manifold Assault         Tloc           13%        N/A       41%         4
 Call Canine Familiar     Summ           2%         N/A       78%         3
 Leda's Liquefaction      Hex/Erth       1%         N/A       99%         4
 Petrify                  Tmut/Erth      2%         N/A       99%         4
 Irradiate                Conj/Tmut      1%         3d12      100%        5
 Sublimation of Blood     Necr           Unusable   N/A       N/A         2

Dungeon Overview and Level Annotations

Branches:
Dungeon (7/15) Zot: 26376
 Temple: D:4-7

Altars:
Nemelex Xobeh
Ru
Trog

Annotations:
D:4 1 runed translucent door, Crazy Yiuf, Menkaure
D:5 Eustachio


Innate Abilities, Weirdness & Mutations

You are immune to poison.
You have sharp fingernails.
Your flesh is cold resistant. (rC+)
You are immune to negative energy. (rN+++)
You do not regenerate when monsters are visible.
You are immune to unholy pain and torment.
You thrive by killing the living.


Message History

You closely miss the sky beast.
The sky beast is heavily wounded.
The sky beast hits you. The sky beast shocks you.
* * * LOW HITPOINT WARNING * * *
Casting: Blink (safe; 7% risk of failure)
Confirm with . or Enter, or press ? or * to list all spells.
You blink.
The sky beast hits you.
* * * LOW HITPOINT WARNING * * *
The sky beast shocks you.
* * * LOW HITPOINT WARNING * * *
You hit the sky beast.
You feel better.
The sky beast is severely wounded.
The sky beast hits you but does no damage.
You hit the sky beast.
The sky beast is severely wounded.
The sky beast hits you but does no damage.
You closely miss the sky beast.
The sky beast is severely wounded.
The sky beast flickers out of sight!
Deactivating autopickup; reactivate with Ctrl-A.
Something hits you.
* * * LOW HITPOINT WARNING * * *
Something shocks you.
* * * LOW HITPOINT WARNING * * *
You closely miss something. Something hits you but does no damage.
You feel stable enough to blink again.
You miss something. Something hits you.
* * * LOW HITPOINT WARNING * * *
Something shocks you.
* * * LOW HITPOINT WARNING * * *
You hit something.
You feel better. Something hits you.
* * * LOW HITPOINT WARNING * * *
Something shocks you.
* * * LOW HITPOINT WARNING * * *
You closely miss something.
A sky beast appears from thin air!
Reactivating autopickup.
The sky beast hits you.
* * * LOW HITPOINT WARNING * * *
The sky beast shocks you.
You die...

###.............#####.##≈≈...♣..
#.............@Y)>.....##≈≈.....
#............#######.#..##≈≈.♣.≈
#.......)..>.# #.######≈≈.≈≈
#....?.......# #......##≈.≈#
#(...........# #######.##'##
#............# #....#
########.....# #.#### #.....#
#.# #.....# ..# #.....# ####
#.....# #.....# #######


You could see a sky beast.

Vanquished Creatures
  A water moccasin (D:5)
  Duvessa (D:6)
  2 ice beasts (D:6)
  2 phantoms (D:5)
  2 bullfrogs (D:6)
  4 scorpions
  Dowan (D:6)
  2 hounds
  2 orc priests
  A sleepcap (D:4)
  3 iguanas (D:5)
  3 orc wizards
  8 adders
  4 gnolls
  A shadow imp (D:6)
  A white imp (D:5)
  2 worms (D:2)
  19 orcs
  3 endoplasms
  5 giant cockroaches
  5 goblins
  4 hobgoblins
  3 jackals (D:1)
  A quokka (D:4)
  7 ball pythons
  3 bats
  6 frilled lizards
  7 kobolds
  5 rats
108 creatures vanquished.

Notes
Turn   | Place    | Note
-------+----------+-------------------------------------------
     0 | D:1      | FallingFreak the Ghoul Warper began the quest for the Orb.
     0 | D:1      | Reached XP level 1. HP: 17/17 MP: 2/2
    24 | D:1      | Reached skill level 1 in Armour
   144 | D:1      | Reached XP level 2. HP: 21/25 MP: 3/3
   548 | D:1      | A sourceless malevolence fills the Dungeon...
   548 | D:1      | You fall into a shaft and drop 1 floor!
   611 | D:2      | Increase (s)trength, (i)ntelligence, or (d)exterity?
   611 | D:2      | Reached XP level 3. HP: 25/30 MP: 5/5
  1898 | D:3      | Reached skill level 3 in Fighting
  1898 | D:3      | Reached XP level 4. HP: 37/38 MP: 6/6
  2839 | D:4      | Found a runed translucent door.
  2840 | D:4      | Noticed Crazy Yiuf
  2887 | D:4      | Noticed Menkaure
  2919 | D:3      | Reached XP level 5. HP: 45/45 MP: 7/7
  2929 | D:3      | Learned a level 2 spell: Blink
  3413 | D:3      | You miscast Blink.
  3426 | D:3      | Reached XP level 6. HP: 52/52 MP: 5/9
  3521 | D:3      | Learned a level 2 spell: Lesser Beckoning
  3686 | D:3      | Reached skill level 4 in Fighting
  4192 | D:5      | Entered Level 5 of the Dungeon
  4304 | D:5      | Identified the +3 short sword "Pendulum" {vamp, rF++}
  4361 | D:5      | Noticed a black bear
  4609 | D:5      | Noticed a water moccasin
  4637 | D:5      | Killed a water moccasin
  4638 | D:5      | Reached XP level 7. HP: 40/60 MP: 9/11
  5774 | D:6      | Noticed Eustachio
  5783 | D:6      | Reached skill level 5 in Fighting
  5792 | D:5      | You miscast Blink.
  5852 | D:5      | HP: 3/61 [Eustachio/+0 rapier (2)]
  6213 | D:6      | Reached XP level 8. HP: 37/68 MP: 11/13
  6450 | D:6      | Reached skill level 5 in Translocations
  6801 | D:6      | Found a sparkling altar of Nemelex Xobeh.
  7210 | D:6      | Found a bloodstained altar of Trog.
  7210 | D:6      | Found a sacrificial altar of Ru.
  7239 | D:6      | Noticed Duvessa
  7276 | D:6      | Killed Duvessa
  7277 | D:6      | Reached skill level 6 in Fighting
  7297 | D:6      | Noticed Dowan
  7312 | D:6      | Killed Dowan
  7480 | D:6      | Slain by a sky beast

Illustrated notes

Levels and vault maps discovered:
D:1:      dpeg_arrival_subterranean_lakeside_camping, layout_rooms,
          minmay_misc_feat_more_columns
D:2:      layout_basic
D:3:      layout_basic
D:4:      layout_cave_pools, uniq_menkaure, uniq_crazy_yiuf_cottage
D:5:      layout_gridville
D:6:      layout_basic, jmf_multi_god_temple, kennysheep_diamond,
          kennysheep_generic_room_11, uniq_duvessa, uniq_eustachio
D:7:      layout_basic, minmay_temple_entry_junction, st_stairs_3,
          grunt_decor_fettered, minmay_starry_boxes

Skill      XL: |  1  2  3  4  5  6  7  8 |
---------------+-------------------------+-----
Armour         | 1 2 3 4 |  4.8
Spellcasting   | 2 3 4 |  4.6
Translocations | 3 4 5 |  5.5
Fighting       | 3 4 5 6 |  6.1
Axes           | |  1.7
Throwing       | |  0.8
Dodging        | |  1.7

Action                     |  1- 3 |  4- 6 |  7- 9 || total
---------------------------+-------+-------+-------++-------
  Melee: Hand axe          |   179 |   106 |       ||   285
         Punch             |     2 |     1 |     1 ||     4
         Long sword        |       |   111 |       ||   111
         Short sword       |       |    38 |   359 ||   397
         Halberd           |       |     1 |     7 ||     8
  Throw: Stone             |    35 |    14 |       ||    49
         Dart              |     2 |    20 |    27 ||    49
         Boomerang         |       |     1 |    20 ||    21
   Cast: Blink             |       |     1 |     4 ||     5
         Lesser Beckoning  |       |     2 |     2 ||     4
    Use: Scroll            |       |     1 |    11 ||    12
 Armour: Leather armour    |    41 |       |       ||    41
         Scale mail        |    37 |    99 |       ||   136
         Ring mail         |       |    32 |   186 ||   218
  Dodge: Dodged            |   126 |   187 |   188 ||   501

Table legend: (Time is in decaauts)
 A = Elapsed time spent in this place.
 B = Non-inter-level travel time spent in this place.
 C = Inter-level travel time spent in this place.
 D = Time resting spent in this place.
 E = Time spent auto-exploring this place.
 F = Levels seen in this place.
 G = Mean time per level.
                   A        B        C        D        E       F      G
               +--------+--------+--------+--------+--------+-----+--------+
         Total |   7618 |   6953 |    665 |   2211 |   2181 |   7 | 1088.3 |
       Dungeon |   7618 |   6953 |    665 |   2211 |   2181 |   7 | 1088.3 |
               +--------+--------+--------+--------+--------+-----+--------+

Top non-repeatable levels by time:
     D:5: 1711 daAuts
     D:3: 1536 daAuts
     D:2: 1310 daAuts
     D:4: 1118 daAuts
     D:6: 1064 daAuts
     D:1: 564 daAuts
     D:7: 312 daAuts
